 Dungeon Crawl Stone Soup version 0.18-a0-987-g0b0e4e7 (webtiles) character file.

60 tehphobia the Firebug (level 3, -1/19 HPs)
             Began as a Deep Elf Fire Elementalist on Jan 4, 2016.
             Was an Initiate of Sif Muna.
             Killed from afar by an orc wizard (12 damage)
             ... with a puff of flame
             ... on level 3 of the Dungeon.
             The game lasted 00:04:18 (1471 turns).

tehphobia the Firebug (Deep Elf Fire Elementalist)  Turns: 1471, Time: 00:04:18

Health: -1/19      AC:  3    Str:  5    XL:     3   Next: 80%
Magic:  0/9        EV: 13    Int: 20    God:    Sif Muna [......]
Gold:   139        SH:  5    Dex: 15    Spells: 2 memorised, 5 levels left

rFire  . . .     SeeInvis .     d - +0 short sword (curse)
rCold  . . .     Gourm    .     a - +0 robe
rNeg   . . .     Faith    .     (no shield)
rPois  .         Spirit   .     (no helmet)
rElec  .         Dismiss  .     i - +0 cloak
rCorr  .         Reflect  +     (no gloves)
SustAt +         Harm     .     (no boots)
MR     .....                    q - +5 amulet of reflection
Stlth  ++........               k - ring of sustain attributes
                                e - ring of flight

@: not resistant to hostile enchantments, unstealthy
A: no striking features
a: Renounce Religion, Evoke Flight


You were on level 3 of the Dungeon.
You worshipped Sif Muna.
Sif Muna was noncommittal.
You were hungry.

You visited 1 branch of the dungeon, and saw 3 of its levels.

You collected 139 gold pieces.

Inventory:

Hand Weapons
 d - a cursed +0 short sword (weapon)
Armour
 a - a +0 robe (worn)
 i - a +0 cloak (worn)
Jewellery
 e - a ring of flight (left hand)
 k - a ring of sustain attributes (right hand)
 q - a +5 amulet of reflection (around neck)
Scrolls
 j - 2 scrolls of identify {unknown}
 l - a scroll of recharging {unknown}
 o - 2 scrolls of remove curse {unknown}
Potions
 f - a potion of curing {unknown}
 g - 2 potions of resistance {unknown}
 h - a potion of lignification {unknown}
 n - a potion of flight {unknown}
 p - a potion of heal wounds {unknown}
Books
 b - a book of Flames

   Spells                             Type                      Level
   a - Flame Tongue                   Conjuration/Fire             1
   b - Throw Flame                    Conjuration/Fire             2
   c - Conjure Flame                  Conjuration/Fire             3
   d - Inner Flame                    Hexes/Fire                   3
   e - Sticky Flame                   Conjuration/Fire             4
   f - Fireball                       Conjuration/Fire             5
Comestibles
 c - a bread ration
 m - 2 meat rations
 r - a chunk of flesh


   Skills:
 - Level 2.4 Dodging
 - Level 2.4 Stealth
 - Level 3.0 Spellcasting
 - Level 1.1 Conjurations
 * Level 5.2 Fire Magic


You had 5 spell levels left.
You knew the following spells:

 Your Spells              Type           Power        Failure   Level  Hunger
a - Flame Tongue          Conj/Fire      ###..        4%          1    None
b - Throw Flame           Conj/Fire      ###...       10%         2    ##.....


Dungeon Overview and Level Annotations

Branches:
Dungeon (3/15)

Altars:
Cheibriados
Nemelex Xobeh
Pakellas
Ru
Sif Muna


Message History

Casting: Flame Tongue
Confirm with . or Enter, or press ? or * to list all spells.
Aiming: Flame Tongue
Press: ? - help, Shift-Dir - straight line, f - orc
Aim: an orc The flame tongue misses the orc.
The orc wizard miscasts a cantrip.
The orc wizard looks braver for a moment.
Casting: Flame Tongue
Confirm with . or Enter, or press ? or * to list all spells.
Aiming: Flame Tongue
Press: ? - help, Shift-Dir - straight line, f/p - orc
Aim: an orc The flame tongue hits the orc.
You kill the orc!
The orc wizard looks braver for a moment.
The orc wizard points at you and mumbles some strange words.
The puff of flame hits you!
Ouch! That really hurt!
You die...

#.# #.# ####.## .# ......#
#### ####..# <.# #.(#
#.#########
####..#######.##......
#.........##...#....###
#................._...#
#.........##....@.....##
#.........###........oo####
#.............._..8.._..).#
#.........##.#.........##>#
#.........##.##.......###.#
#.........##) #..._...# #.#
. #..........#.
###...#####o####... ..
##### #..o.o.oo. #.
#..##.#...


You could see an orc wizard and an orc.

Vanquished Creatures
  An adder (D:2)
  3 worms (D:2)
  A giant gecko (D:2)
  2 orcs (D:3)
  A ball python (D:1)
  A giant cockroach (D:3)
  4 goblins
  7 hobgoblins
  2 jackals (D:3)
  8 bats
  A giant newt (D:1)
  4 kobolds
  3 rats
38 creatures vanquished.

Notes
Turn   | Place    | Note
--------------------------------------------------------------
     0 | D:1      | tehphobia the Deep Elf Fire Elementalist began the quest for the Orb.
     0 | D:1      | Reached XP level 1. HP: 10/10 MP: 6/6
   189 | D:1      | Reached XP level 2. HP: 15/15 MP: 4/8
   215 | D:1      | Reached skill level 4 in Fire Magic
   677 | D:2      | Learned a level 2 spell: Throw Flame
   694 | D:2      | Reached XP level 3. HP: 19/19 MP: 1/9
   996 | D:2      | Found a faded altar to an unknown god.
  1072 | D:2      | Reached skill level 5 in Fire Magic
  1110 | D:2      | Found a snail-covered altar of Cheibriados.
  1360 | D:3      | Found an oddly glowing altar of Pakellas.
  1361 | D:3      | Found a sparkling altar of Nemelex Xobeh.
  1361 | D:3      | Found a deep blue altar of Sif Muna.
  1368 | D:3      | Found a sacrificial altar of Ru.
  1373 | D:3      | Became a worshipper of Sif Muna the Loreminder
  1471 | D:3      | Killed from afar by an orc wizard

Vault maps used:
D:1:      dpeg_arrival_boxorama, grunt_decor_cap, st_stairs_4
D:2:      old_standard_altar, ecumenical_altar_2
D:3:      grunt_temple_overflow_open

Action                   || total
-------------------------++-------
Melee: Short sword       ||     5
 Cast: Flame Tongue      ||    64
       Throw Flame       ||     3
  Eat: Chunk             ||     1
